 Dungeon Crawl Stone Soup version 0.29.1-1-gd02db6906a (webtiles) character file.

Game seed: 3321504701605978048

1621 JohnEldenRing the Chopper (level 8, -6/68 HPs)
             Began as a Gnoll Berserker on Oct 1, 2022.
             Was a Believer of Trog.
             Mangled by Edmund
             ... wielding a +5 dire flail of holy wrath
              (10 damage)
             ... on level 6 of the Dungeon.
             The game lasted 00:12:17 (5076 turns).

JohnEldenRing the Chopper (Gnoll Berserker)         Turns: 5076, Time: 00:12:18

Health: -6/68      AC: 13    Str: 18    XL:     8   Next: 96%
Magic:  13/13      EV: 13    Int:  6    God:    Trog [**....]
Gold:   273        SH:  0    Dex: 13    Spells: 14/14 levels left

rFire   . . .      SeeInvis .   v - +0 war axe
rCold   . . .      Faith    .   (no shield)
rNeg    . . .      Spirit   .   r - +0 ring mail
rPois   .          Reflect  .   (no helmet)
rElec   .          Harm     .   (no cloak)
rCorr   .          Rampage  .   (no gloves)
Will    .....                   u - +2 pair of boots
Stlth   ++........              (no amulet)
HPRegen 0.21/turn               k - +4 ring of protection
MPRegen 0.13/turn               (no ring)

@: lethally poisoned (-6 -> -6), on berserk cooldown, slowed, very slow
A: fangs 1, strong nose, distributed training
a: Renounce Religion, Berserk, Trog's Hand


You were on level 6 of the Dungeon.
You worshipped Trog.
Trog was pleased with you.
You visited 1 branch of the dungeon, and saw 7 of its levels.

You collected 273 gold pieces.

Inventory:

Hand Weapons
 d - a +0 short sword of flaming
 v - a +0 war axe (weapon)
Missiles
 a - a throwing net
 p - 4 poisoned darts (quivered)
Armour
 r - a +0 ring mail (worn)
 u - a +2 pair of boots (worn)
Jewellery
 k - a +4 ring of protection (left hand)
 x - a +6 ring of dexterity
Scrolls
 e - a scroll of fear {unknown}
 i - a scroll of silence {unknown}
 j - 2 scrolls of poison {unknown}
 m - a scroll of immolation {unknown}
 n - 3 scrolls of identify {unknown}
 o - 2 scrolls of teleportation {unknown}
 s - 2 scrolls of noise {unknown}
 t - a scroll of enchant weapon {unknown}
 y - a scroll of vulnerability {unknown}
 z - a scroll of brand weapon {unknown}
Potions
 b - a potion of invisibility
 c - 4 potions of mutation {unknown}
 f - 3 potions of flight {unknown}
 g - a potion of might {unknown}
 h - 2 potions of attraction {unknown}
 l - 3 potions of curing {unknown}
 q - a potion of heal wounds {unknown}
 w - a potion of degeneration {unknown}


   Skills:
 + Level 7.7 Fighting
 + Level 3.9 Short Blades
 + Level 3.9 Long Blades
 + Level 7.7 Axes
 + Level 3.9 Maces & Flails
 + Level 3.9 Polearms
 + Level 3.9 Staves
 + Level 3.9 Ranged Weapons
 + Level 3.9 Throwing
 + Level 6.1 Armour
 + Level 6.1 Dodging
 + Level 3.9 Stealth
 + Level 3.9 Shields
 + Level 3.9 Unarmed Combat
 + Level 3.9 Spellcasting
 + Level 3.2 Conjurations
 + Level 3.2 Hexes
 + Level 3.2 Summonings
 + Level 3.2 Necromancy
 + Level 3.2 Translocations
 + Level 3.2 Transmutations
 + Level 3.2 Fire Magic
 + Level 3.2 Ice Magic
 + Level 3.2 Air Magic
 + Level 3.2 Earth Magic
 + Level 3.2 Poison Magic
 + Level 4.2 Invocations
 + Level 3.9 Evocations


You had 14 spell levels left.
You didn't know any spells.
Your spell library was empty.

Dungeon Overview and Level Annotations

Branches:
Dungeon (7/15)
 Temple: D:4-7

Altars:
Kikubaaqudgha
Qazlal
Vehumet

Annotations:
D:6 Edmund


Innate Abilities, Weirdness & Mutations

You have very sharp teeth.
Your uncanny sense of smell can sniff out nearby items.
Your experience applies equally to all skills.


Message History

You slice the killer bee!!
You kill the killer bee!
Trog accepts your kill.
You miss something. You closely miss the killer bee.
You feel very sick. The killer bee closely misses you. Something hits you.
You miss the killer bee. You slash something!
You feel sick. The killer bee stings you. The killer bee misses you.
Something hits you but does no damage.
You closely miss the killer bee. Your bite misses the killer bee.
You closely miss something.
You feel sick.
The killer bee stings you but does no damage.
You slash the killer bee!
The killer bee is heavily wounded.
You barely miss something.
You feel sick.
The killer bee stings you but does no damage.
Something hits you. The killer bee stings you.
You miss the killer bee.
The killer bee is heavily wounded.
You miss something.
You feel sick. The killer bee stings you.
Something hits you but does no damage.
You barely miss the killer bee.
The killer bee is heavily wounded.
You barely miss something.
You feel sick.
The killer bee stings you but does no damage.
You slice the killer bee!!
You kill the killer bee!
Trog accepts your kill.
You slash something! Something hits you.
* * * LOW HITPOINT WARNING * * *
You closely miss something. You bite something!
You feel sick. Something hits you!
* * * LOW HITPOINT WARNING * * *
You barely miss something. Your punch misses something.
You are no longer berserk.
You are exhausted.
You feel yourself slow down.
You feel sick. Something hits you.
* * * LOW HITPOINT WARNING * * *
You slash something!
You feel sick. Something hits you!
You die...

#.#........+
#.#.#.†)####
#.#.##.##
##......#
#.......#
#.##.##.#
#.##.##.#
#.##.##.#######
#.##......@{..#
#.#####.#..†......
#.# #.#.###>#...
#.#####.#.# # .
#.......#.#
#########.# #..
###


There were no monsters in sight!

Vanquished Creatures
  Grinder (D:3)
  Menkaure (D:5)
  A black bear (D:4)
  3 ogres
  2 necrophages
  Blork the orc (D:6)
  2 scorpions
  4 killer bees (D:6)
  4 hounds
  A jelly (D:5)
  3 iguanas
  An orc wizard (D:5)
  6 adders
  10 gnolls
  An ufetubus (D:4)
  A dart slug (D:1)
  14 orcs
  A bat (D:2)
  3 endoplasms (D:1)
  2 giant cockroaches
  7 hobgoblins
  4 jackals (D:4)
  A quokka (D:5)
  3 ball pythons
  2 frilled lizards (D:1)
  6 goblins
  8 kobolds
  2 rats
95 creatures vanquished.

Vanquished Creatures (others)
  A plant (D:3)
1 creature vanquished.

Grand Total: 96 creatures vanquished

Notes
Turn   | Place    | Note
-------+----------+-------------------------------------------
     0 | D:1      | JohnEldenRing the Gnoll Berserker began the quest for the
                  | Orb.
     0 | D:1      | Reached XP level 1. HP: 23/23 MP: 1/1
   838 | D:1      | Reached XP level 2. HP: 29/29 MP: 2/2
  1810 | D:2      | Reached XP level 3. HP: 20/35 MP: 2/4
  2066 | D:2      | Found a faded altar of an unknown god.
  2215 | D:2      | Reached skill level 1 in Invocations
  2365 | D:3      | Noticed Grinder
  2371 | D:3      | Found an ancient bone altar of Kikubaaqudgha.
  2371 | D:3      | Found a radiant altar of Vehumet.
  2380 | D:3      | Killed Grinder
  2381 | D:3      | Reached skill level 1 in Short Blades
  2381 | D:3      | Reached skill level 1 in Long Blades
  2381 | D:3      | Reached skill level 1 in Maces & Flails
  2381 | D:3      | Reached skill level 1 in Polearms
  2381 | D:3      | Reached skill level 1 in Staves
  2381 | D:3      | Reached skill level 1 in Ranged Weapons
  2381 | D:3      | Reached skill level 1 in Throwing
  2381 | D:3      | Reached skill level 1 in Stealth
  2381 | D:3      | Reached skill level 1 in Shields
  2381 | D:3      | Reached skill level 1 in Unarmed Combat
  2381 | D:3      | Reached skill level 1 in Spellcasting
  2381 | D:3      | Reached skill level 1 in Conjurations
  2381 | D:3      | Reached skill level 1 in Hexes
  2381 | D:3      | Reached skill level 1 in Summonings
  2381 | D:3      | Reached skill level 1 in Necromancy
  2381 | D:3      | Reached skill level 1 in Translocations
  2381 | D:3      | Reached skill level 1 in Transmutations
  2381 | D:3      | Reached skill level 1 in Fire Magic
  2381 | D:3      | Reached skill level 1 in Ice Magic
  2381 | D:3      | Reached skill level 1 in Air Magic
  2381 | D:3      | Reached skill level 1 in Earth Magic
  2381 | D:3      | Reached skill level 1 in Poison Magic
  2381 | D:3      | Reached skill level 1 in Evocations
  2381 | D:3      | Reached XP level 4. HP: 10/41 MP: 4/6
  2381 | D:3      | Reached XP level 5. HP: 12/47 MP: 4/7
  2617 | D:4      | Reached XP level 6. HP: 42/53 MP: 8/8
  2664 | D:5      | Entered Level 5 of the Dungeon
  2741 | D:5      | Reached skill level 5 in Armour
  2741 | D:5      | Reached skill level 5 in Dodging
  2896 | D:5      | Noticed Menkaure
  2908 | D:5      | Killed Menkaure
  2909 | D:5      | Reached XP level 7. HP: 25/60 MP: 10/10
  3057 | D:6      | Reached ** piety under Trog
  3691 | D:5      | Reached XP level 8. HP: 67/67 MP: 12/12
  4503 | D:4      | Found a stormy altar of Qazlal.
  4829 | D:4      | You fall into a shaft and drop 3 floors!
  5001 | D:6      | Noticed Blork the orc
  5016 | D:6      | Killed Blork the orc
  5057 | D:6      | Noticed Edmund
  5076 | D:6      | Mangled by Edmund

Illustrated notes

Levels and vault maps discovered:
D:1:      dpeg_arrival_concentric_ovals, layout_basic
D:2:      layout_loops_ring, shapermc_ecumenical_altar_totnotflames
D:3:      layout_basic, chequers_temple_overflow_statue_of_worship,
          fedhas_ov_isle_minmay, serial_shops, nicolae_lakefront_shop,
          uniq_crazy_yiuf_cottage, uniq_grinder
D:4:      layout_rooms, grunt_qazlal_sundering, nicolae_figureground_sparkle
D:5:      layout_basic, uniq_menkaure
D:6:      layout_loops_corners, minmay_temple_entry_enclosed_plants,
          uniq_blork_the_orc, uniq_edmund
D:7:      layout_loops_corners, ebering_ghost_disaster_area,
          minmay_ruined_shrine

Skill      XL: |  1  2  3  4  5  6  7  8 |
---------------+-------------------------+-----
Invocations    | 2 3 4 |  4.2
Short Blades   | 1 2 3 |  3.9
Long Blades    | 1 2 3 |  3.9
Maces & Flails | 1 2 3 |  3.9
Polearms       | 1 2 3 |  3.9
Staves         | 1 2 3 |  3.9
Ranged Weapons | 1 2 3 |  3.9
Throwing       | 1 2 3 |  3.9
Stealth        | 1 2 3 |  3.9
Shields        | 1 2 3 |  3.9
Unarmed Combat | 1 2 3 |  3.9
Spellcasting   | 1 2 3 |  3.9
Conjurations   | 1 2 3 |  3.2
Hexes          | 1 2 3 |  3.2
Summonings     | 1 2 3 |  3.2
Necromancy     | 1 2 3 |  3.2
Translocations | 1 2 3 |  3.2
Transmutations | 1 2 3 |  3.2
Fire Magic     | 1 2 3 |  3.2
Ice Magic      | 1 2 3 |  3.2
Air Magic      | 1 2 3 |  3.2
Earth Magic    | 1 2 3 |  3.2
Poison Magic   | 1 2 3 |  3.2
Evocations     | 1 2 3 |  3.9
Armour         | 5 6 |  6.1
Dodging        | 5 6 |  6.1
Fighting       | 7 |  7.7
Axes           | 7 |  7.7

Action                   |  1- 3 |  4- 6 |  7- 9 || total
-------------------------+-------+-------+-------++-------
Melee: Hand axe          |    11 |    54 |    98 ||   163
       Short sword       |    75 |    12 |       ||    87
       Bite              |    12 |     6 |    32 ||    50
       Punch             |     4 |     3 |     3 ||    10
       War axe           |       |       |    96 ||    96
Throw: Dart              |     4 |       |     8 ||    12
       Boomerang         |       |     2 |       ||     2
Invok: Berserk           |     2 |     2 |     5 ||     9
Evoke: Wand              |       |       |     1 ||     1
 Stab: Sleeping          |       |       |     2 ||     2
       Distracted        |       |       |     1 ||     1
Armor: Animal skin       |    22 |       |       ||    22
       Leather armour    |       |    41 |       ||    41
       Ring mail         |       |     7 |    91 ||    98
Dodge: Dodged            |    74 |    67 |   159 ||   300
